 Dungeon Crawl Stone Soup version 0.29-a0-330-g52719c12eb (webtiles) character file.

Game seed: 13837855719183236969

14 ImHallYall the Grave Robber (level 2, 19/19 HPs)
             Began as a Vampire Necromancer on Apr 12, 2022.
             Quit the game on level 1 of the Dungeon.
             The game lasted 00:05:03 (803 turns).

ImHallYall the Grave Robber (Vampire Necromancer)    Turns: 803, Time: 00:05:04

Health: 19/19      AC: 10    Str:  7    XL:     2   Next: 31%
Magic:  5/5        EV:  2    Int: 17    God:
Gold:   51         SH:  0    Dex: 14    Spells: 4/5 levels left

rFire   + . .      SeeInvis +   g - +0 dagger
rCold   . . .      Faith    .   (no shield)
rNeg    . . .      Spirit   .   j - +2 chain mail {rF+}
rPois   .          Reflect  .   (no helmet)
rElec   .          Harm     .   (no cloak)
rCorr   .          Rampage  .   (no gloves)
Will    .....                   (no boots)
Stlth   ..........              (no amulet)
HPRegen 0.26/turn               (no ring)
MPRegen 0.09/turn               (no ring)

@: healing quickly
A: alive, fangs 3, see invisible, vampiric 1
a: Exsanguinate


You were on level 1 of the Dungeon.
You visited 1 branch of the dungeon, and saw 1 of its levels.

You collected 51 gold pieces.

Inventory:

Hand Weapons
 g - a +0 dagger (weapon)
Missiles
 h - 24 stones
Armour
 a - a +0 robe
 j - a +2 chain mail of fire resistance (worn)
Jewellery
 i - an amulet of magic regeneration
Scrolls
 d - 2 scrolls of teleportation
 e - a scroll of silence {unknown}
Potions
 b - a potion of magic
 c - a potion of brilliance {unknown}
 f - 3 potions of mutation {unknown}
 k - a potion of curing {unknown}


   Skills:
 + Level 2.2 Dodging
 + Level 3.6 Stealth
 + Level 2.1 Spellcasting
 + Level 4.8 Necromancy


You had 4 spell levels left.
You knew the following spells:

 Your Spells              Type           Power      Damage    Failure   Level
a - Pain                  Necr           72%        1d7       100%        1

Your spell library contained the following spells:

 Spells                   Type           Power      Damage    Failure   Level
 Animate Skeleton         Necr           36%        N/A       100%        1
 Vampiric Draining        Necr           18%        2d7       100%        3
 Animate Dead             Necr           9%         N/A       100%        4
 Agony                    Necr           18%        N/A       100%        5


Dungeon Overview and Level Annotations

Branches:
Dungeon (1/15)

Altars:


Innate Abilities, Weirdness & Mutations

Your natural rate of healing is accelerated.
You have razor-sharp teeth.
You have supernaturally acute eyesight. (SInv)
You are afflicted with vampirism.


Message History

You start waiting.
Done waiting.
A frilled lizard comes into view.
The frilled lizard hisses angrily.
A bat comes into view.
Casting: Pain (safe; 100% risk of failure)
Confirm with . or Enter, or press ? or * to list all spells.
Aiming: Pain (safe; 100% risk of failure)
Press: ? - help, Shift-Dir - straight line, f - frilled lizard
Aim: a frilled lizard (chance to affect: 88%)
You miscast Pain.
You are very lightly contaminated with residual magic.
Nothing appears to happen.
The bat hits you but does no damage.
You hit the bat but do no damage. The bat hits you but does no damage.
The frilled lizard bites you. The bat hits you but does no damage.
The frilled lizard bites you but does no damage.
Found 9 gold pieces.
The frilled lizard barely misses you. The bat hits you but does no damage.
You hit the bat but do no damage. Your bite misses the bat.
The bat hits you but does no damage.
The frilled lizard bites you but does no damage.
The bat completely misses you. The bat hits you but does no damage.
The frilled lizard bites you.
You closely miss the frilled lizard. The bat hits you but does no damage.
The frilled lizard bites you but does no damage.
You hit the frilled lizard.
You kill the frilled lizard!
The bat hits you but does no damage.
Your magical contamination has completely faded away.
The bat hits you. The bat hits you but does no damage.
You barely miss the bat. The bat completely misses you.
You closely miss the bat. The bat hits you but does no damage.
The bat hits you but does no damage.
You hit the bat.
The bat is severely wounded.
The bat hits you but does no damage. The bat hits you but does no damage.
Are you sure you want to abandon this character and quit the game? (Confirm with "yes".)

##.. #...#. .# ....
........ ##.. ....#.
... ..##.... #...
#.##...# ....
#.##...# # ....
#.##...# .## ....
#.##†..##...## ...#
##.##..@....... ..#
######...##.b##...##
.# #..).........#
.... ##
######...##.#### ###
#....###.....
#.##.........
#.##.######### #####
#.##.# ....# #.##.#


You could see a bat.

Vanquished Creatures
  A dart slug (D:1)
  A giant cockroach (D:1)
  A goblin (D:1)
  2 hobgoblins (D:1)
  A kobold (D:1)
  A quokka (D:1)
  A ball python (D:1)
  2 frilled lizards (D:1)
  2 rats (D:1)
12 creatures vanquished.

Notes
Turn   | Place    | Note
-------+----------+-------------------------------------------
     0 | D:1      | ImHallYall the Vampire Necromancer began the quest for the
                  | Orb.
     0 | D:1      | Reached XP level 1. HP: 13/13 MP: 3/3
   537 | D:1      | Reached XP level 2. HP: 19/19 MP: 5/5
   803 | D:1      | Quit the game

Illustrated notes

Levels and vault maps discovered:
D:1:      matt_arrival_grand_opening, layout_loops_ring

Action                   || total
-------------------------++-------
Melee: Unarmed           ||    19
       Dagger            ||    25
 Cast: Pain              ||     5
  Use: Scroll            ||     1
 Stab: Sleeping          ||     2
Armor: Robe              ||     2
       Chain mail        ||    27
Dodge: Dodged            ||    17

Table legend: (Time is in decaauts)
 A = Elapsed time spent in this place.
 B = Non-inter-level travel time spent in this place.
 C = Inter-level travel time spent in this place.
 D = Time resting spent in this place.
 E = Time spent auto-exploring this place.
 F = Levels seen in this place.
 G = Mean time per level.
                   A        B        C        D        E       F      G
               +--------+--------+--------+--------+--------+-----+--------+
         Total |    802 |    802 |      0 |    350 |    141 |   1 |  802.0 |
       Dungeon |    802 |    802 |      0 |    350 |    141 |   1 |  802.0 |
               +--------+--------+--------+--------+--------+-----+--------+

Top non-repeatable levels by time:
     D:1: 802 daAuts
